 Dungeon Crawl Stone Soup version 0.30.1-4-g462c640d31 (webtiles) character file.

Game seed: 17625676968561400767

33 Kranky the Cudgeller (level 3, 0/26 HPs)
             Began as a Demonspawn Wanderer on Sept 3, 2023.
             Slain by an adder (3 damage)
             ... on level 1 of the Dungeon.
             The game lasted 00:02:40 (1231 turns).

Kranky the Cudgeller (Demonspawn Wanderer)          Turns: 1231, Time: 00:02:40

Health: 0/26       AC:  5    Str: 11    XL:     3   Next: 12%
Magic:  1/6        EV:  8    Int: 16    God:
Gold:   70         SH:  0    Dex: 12    Spells: 6/7 levels left

rFire   . . .        a - +2 mace
rCold   . . .        (no shield)
rNeg    . . .        d - +0 robe
rPois   .            (no helmet)
rElec   .            b - +0 cloak
rCorr   .            (no gloves)
SInv    .            (no boots)
Will    .....        (no amulet)
Stlth   ++           (no ring)
HPRegen 0.24/turn    (no ring)
MPRegen 0.10/turn

%: no passive effects
@: lethally poisoned (0 -> -2), very slightly contaminated, constricted
A: molten scales 1, demonic guardian 1
a: no special abilities


You were on level 1 of the Dungeon.
You visited 1 branch of the dungeon, and saw 2 of its levels.

You collected 70 gold pieces.

Inventory:

Hand Weapons
 a - a +2 mace (weapon)
Armour
 b - a +0 cloak (worn)
 d - a +0 robe (worn)
Jewellery
 h - a +6 ring of dexterity
Scrolls
 f - 2 scrolls of identify {unknown}
 g - 2 scrolls of teleportation {unknown}
Potions
 c - 2 potions of curing
 e - 3 potions of lignification {unknown}
 i - a potion of haste {unknown}


   Skills:
 + Level 1.3 Fighting
 - Level 2.6 Maces & Flails
 + Level 1.3 Armour
 - Level 1.7 Stealth
 + Level 2.5 Spellcasting
 - Level 1.0 Conjurations
 - Level 1.2 Invocations
 - Level 1.0 Evocations


You had 6 spell levels left.
You knew the following spells:

 Your Spells              Type           Power      Damage    Failure   Level
a - Foxfire               Conj/Fire      12%        2x1d4     16%         1

Your spell library contained the following spells:

 Spells                   Type           Power      Damage    Failure   Level
 Mephitic Cloud           Conj/Pois/Air  3%         N/A       45%         3
 Vhi's Electric Charge    Tloc/Air       4%         N/A       52%         3
 Arcjolt                  Conj/Air       1%         1d11      99%         5
 Plasma Beam              Fire/Air       1%         2x1d12    100%        6


Dungeon Overview and Level Annotations

Branches:
Dungeon (2/15)

Altars:

Shops:
D:1 =


Innate Abilities, Weirdness & Mutations

You are partially covered in molten scales. (AC +2)
A weak demonic guardian rushes to your aid.


Message History

The ball python constricts you. The adder bites you.
The ball python bites you but does no damage.
The ball python constricts you.
You closely miss the adder.
The adder is moderately wounded.
You feel sick. The adder bites you but does no damage.
The ball python closely misses you. The ball python constricts you.
The adder bites you but does no damage.
You miss the adder.
The adder is moderately wounded.
You feel sick. The adder bites you.
You are more poisoned.
The adder poisons you!
The ball python bites you but does no damage.
The ball python constricts you. The adder closely misses you.
The ball python bites you but does no damage.
The ball python constricts you.
You hit the adder.
The adder is moderately wounded.
You feel very sick. The adder barely misses you.
The ball python closely misses you. The ball python constricts you.
The adder bites you but does no damage.
You closely miss the adder.
The adder is moderately wounded.
You feel sick.
The ball python bites you but does no damage.
The ball python constricts you. The adder barely misses you.
The ball python barely misses you. The ball python constricts you.
You closely miss the adder.
The adder is moderately wounded.
You feel sick. The adder barely misses you. The ball python barely misses you.
The ball python constricts you.
* * * LOW HITPOINT WARNING * * *
A demonic guardian appears!
The adder barely misses you.
You hit the adder.
The adder is almost dead.
You feel sick. The ball python bites you.
* * * LOW HITPOINT WARNING * * *
The ball python constricts you. The adder bites you.
You die...

#...#.#..##
#...#......
#...####...
#..........
#############..####..#
#.....................
#.#########.#.########
#.# ##...)............
#.# #@S.##############
#.# #S#†# ######## #.#
#5#.# ####.......
#.###.#.####....######
#.#..>..#....##.#
#.###.###....##.#
#.......#....##.#
#####...#....##.#
###.#.><.##.#


You could see an adder, a ball python (ally target) and a friendly shadow imp
(summoned).

Vanquished Creatures
  A dart slug (D:1)
  2 ball pythons (D:1)
  2 bats (D:1)
  3 endoplasms (D:1)
  3 goblins (D:1)
  3 hobgoblins (D:1)
  4 jackals (D:1)
  2 quokkas (D:1)
  2 frilled lizards (D:1)
  2 kobolds (D:1)
24 creatures vanquished.

Vanquished Creatures (collateral kills)
  A bat (D:1)
  A frilled lizard (D:1)
  A rat (D:1)
3 creatures vanquished.

Vanquished Creatures (others)
  12 foxfires
12 creatures vanquished.

Grand Total: 39 creatures vanquished

Notes
Turn   | Place    | Note
-------+----------+-------------------------------------------
     0 | D:1      | Kranky the Demonspawn Wanderer began the quest for the Orb.
     0 | D:1      | Kranky set off with the following items: a +2 mace, a +0
                  | cloak, a potion of curing, a +0 robe; and the following
                  | spell memorised: Foxfire; and the following spells
                  | available to memorise: Mephitic Cloud.
     0 | D:1      | Reached XP level 1. HP: 13/13 MP: 3/3
   110 | D:1      | Gained mutation: A weak demonic guardian rushes to your
                  | aid. [demonic ancestry]
   110 | D:1      | Reached XP level 2. HP: 11/20 MP: 5/5
   253 | D:1      | Reached skill level 1 in Fighting
   274 | D:1      | Reached skill level 1 in Armour
   674 | D:1      | Found Caje's Jewellery Emporium.
  1145 | D:1      | Gained mutation: You are partially covered in molten
                  | scales. (AC +2) [demonic ancestry]
  1145 | D:1      | Reached XP level 3. HP: 22/26 MP: 4/6
  1231 | D:1      | Slain by an adder

Illustrated notes

Levels and vault maps discovered:
D:1:      dpeg_arrival_fog, layout_basic, serial_shops, nicolae_shop_crystal,
          minmay_tetromino_o2
D:2:      layout_loops_cross, uniq_natasha

Skill      XL: |  1  2 |
---------------+-------+-----
Fighting       | 1 |  1.3
Armour         | 1 |  1.3
Maces & Flails | |  2.6
Stealth        | |  1.7
Spellcasting   | |  2.5
Conjurations   | |  1.0
Invocations    | |  1.2
Evocations     | |  1.0

Action                     || total
---------------------------++-------
  Melee: Mace              ||    71
   Cast: Foxfire           ||     9
   Stab: Sleeping          ||     1
 Armour: Robe              ||    43
  Dodge: Dodged            ||    84
